cohdb
Replays
Latest Replays
All Replays
Popular Replays
Top Player Replays
Match Explorer
How It Works
Community
CoH3 Stats
Reddit
Sign in to upload your games and track your stats! →
Sign in with Steam
Match 39634099
Unlisted
Match 39634099
Overview
Messages
Build Orders
End
Construct Infanterie Kompanie
MG 42 Machine Gun Team
Selects Terror Battlegroup
Selects Machine Gun Camouflage
MG 42 Machine Gun Team
MG 42 Machine Gun Team
MG 42 Machine Gun Team
GrW 34 Mortar Team
MG 42 Bunker
Construct Panzergrenadier Kompanie
251 Medium Carrier
Pak 40 Anti-tank Gun Team
Selects No Quarter
Construct Panzer Kompanie
Panzergrenadier Squad
Panzer Officer Quarters
Panzer IV Medium Tank
Stoßtruppen Squad
Panzergrenadier Squad
Sturmpanzer IV Brummbär
Selects Interrogate
Selects Propaganda Leaflet Drop
Selects V1 Rocket Strike
Kardi
Stefan_vs_Claco
Alpenwell
Kylen
runningDuck
Cr6como-
0
0
Comments
sign in to comment!
No comments posted yet!